 Dungeon Crawl Stone Soup version 0.32-a0-656-g3542139ebd (webtiles) character file.

Game seed: 7303908876874213950

74 Dittersdorf the Trooper (level 4, 0/29 HPs)
             Began as a Gargoyle Fighter on Mar 8, 2024.
             Slain by a black bear (2 damage)
             ... on level 2 of the Dungeon.
             The game lasted 00:01:17 (1135 turns).

Dittersdorf the Trooper (Gargoyle Fighter)          Turns: 1135, Time: 00:01:17

Health: 0/29       AC: 10    Str: 22    XL:     4   Next: 28%
Magic:  4/4        EV:  7    Int:  8    God:
Gold:   50         SH: 13    Dex:  9    Spells: 3/3 levels left

rFire   . . .        a - +0 flail
rCold   + . .        g - +2 tower shield
rNeg    + . .        b - +0 scale mail {rC+}
rPois   ∞            (no helmet)
rElec   +            (no cloak)
rCorr   .            (no gloves)
SInv    .            (no boots)
Will    .....        i - amulet of magic regeneration Stlth
                     (no ring)
HPRegen 0.24/turn    (no ring)
MPRegen 0.49/turn

%: no passive effects
@: no status effects
A: sickness immunity, AC +3, negative energy resistance 1, electricity
resistance, torment resistance 1, petrification resistance
a: no special abilities


You were on level 2 of the Dungeon.
You visited 1 branch of the dungeon, and saw 2 of its levels.

You collected 50 gold pieces.

Inventory:

Hand Weapons
 a - a +0 flail (weapon)
Armour
 b - a +0 scale mail of cold resistance (worn)
 g - a +2 tower shield (worn)
Jewellery
 c - a ring of ice
 i - an amulet of magic regeneration (around neck)
Potions
 d - a potion of might
 e - a potion of degeneration {unknown}
 f - a potion of lignification {unknown}
 h - a potion of cancellation {unknown}


   Skills:
 + Level 3.9 Fighting
 + Level 2.8 Maces & Flails
 + Level 3.9 Armour
 + Level 3.9 Shields


You had 3 spell levels left.
You didn't know any spells.
Your spell library contained the following spells:

 Spells                   Type           Power      Damage    Failure   Level
 Freeze                   Ice            0%         1d3       100%        1
 Frozen Ramparts          Ice            0%         1d1       100%        3
 Hailstorm                Conj/Ice       0%         3d5       100%        3


Dungeon Overview and Level Annotations

Branches:
Dungeon (2/15)

Altars:

Shops:
D:2 [


Innate Abilities, Weirdness & Mutations

You are immune to sickness and miasma.
Your stone body is resilient. (AC +3)
You are immune to poison.
You resist negative energy. (rN+)
You are resistant to electric shocks. (rElec)
You are resistant to unholy torment.
You are immune to petrification.


Message History

You are too injured to fight recklessly!
You are too injured to fight recklessly!
You are too injured to fight recklessly!
You are too injured to fight recklessly!
You are too injured to fight recklessly!
You are too injured to fight recklessly!
You are too injured to fight recklessly!
You are too injured to fight recklessly!
You are too injured to fight recklessly!
You are too injured to fight recklessly!
You are too injured to fight recklessly!
You are too injured to fight recklessly!
You are too injured to fight recklessly!
You are too injured to fight recklessly!
You are too injured to fight recklessly!
You are too injured to fight recklessly!
You are too injured to fight recklessly!
You are too injured to fight recklessly!
The hobgoblin misses you.
You closely miss the hobgoblin. You block the hobgoblin's attack. x2
You sock the hobgoblin!
You kill the hobgoblin!
You hit the black bear.
The black bear is moderately wounded.
The black bear bites you.
The black bear claws you but does no damage.
The black bear closely misses you. The black bear bites you.
You block the black bear's attack. x2
You closely miss the black bear.
The black bear is lightly wounded.
The black bear bites you. You block the black bear's attack.
The black bear claws you but does no damage.
You block the black bear's attack. x2
The black bear claws you but does no damage.
You hit the black bear.
The black bear is lightly wounded.
The black bear bites you!
* * * LOW HITPOINT WARNING * * *
The black bear claws you.
You die...

. #..#..# #..#..### #.
#....## #. #.##..## #
#.###..## #.# ##..## ..#
##..## #
.###################..#####
........rh@................
######..#############.#####
.......).r...# #.## #
.......#####..# #..# ##
.?..... ##.###. .....#.
#....> .....## #####. ##...
#. #.. #.


You could see a black bear and a quokka.

Vanquished Creatures
  Terence (D:2)
  An adder (D:2)
  A dart slug (D:2)
  A ribbon worm (D:2)
  3 endoplasms
  5 giant cockroaches
  4 goblins
  4 hobgoblins
  A quokka (D:1)
  2 bats (D:1)
  4 frilled lizards (D:1)
  4 kobolds (D:1)
  4 rats
35 creatures vanquished.

Notes
Turn   | Place    | Note
-------+----------+-------------------------------------------
     0 | D:1      | Dittersdorf the Gargoyle Fighter began the quest for the
                  | Orb.
     0 | D:1      | Reached XP level 1. HP: 14/14 MP: 1/1
    87 | D:1      | Reached XP level 2. HP: 16/19 MP: 2/2
   393 | D:1      | Found a faded altar of an unknown god.
   553 | D:1      | Reached XP level 3. HP: 23/23 MP: 3/3
   814 | D:2      | Found Zek Jaiq's Antique Armour Shoppe.
   877 | D:2      | Noticed Terence
   904 | D:2      | Killed Terence
  1007 | D:2      | Reached XP level 4. HP: 29/29 MP: 4/4
  1116 | D:2      | Noticed a black bear
  1135 | D:2      | Slain by a black bear

Illustrated notes

Levels and vault maps discovered:
D:1:      lightli_arrival_maybe_door_vault, layout_loops_ring,
          ebering_ecumenical_altar_hall
D:2:      layout_basic, serial_shops, shop, hex_medium, minmay_circle_x,
          uniq_terence

Action                     |  1- 3 |  4- 6 || total
---------------------------+-------+-------++-------
  Melee: Flail             |   109 |    24 ||   133
 Armour: Scale mail        |    52 |    23 ||    75
         Chain mail        |    22 |       ||    22
  Dodge: Dodged            |    31 |    11 ||    42
  Block: Buckler           |     2 |       ||     2
         Tower shield      |    72 |    37 ||   109

Table legend: (Time is in decaauts)
 A = Elapsed time spent in this place.
 B = Non-inter-level travel time spent in this place.
 C = Inter-level travel time spent in this place.
 D = Time resting spent in this place.
 E = Time spent auto-exploring this place.
 F = Levels seen in this place.
 G = Mean time per level.
                   A        B        C        D        E       F      G
               +--------+--------+--------+--------+--------+-----+--------+
         Total |   1206 |   1179 |     27 |      0 |    825 |   2 |  603.0 |
       Dungeon |   1206 |   1179 |     27 |      0 |    825 |   2 |  603.0 |
               +--------+--------+--------+--------+--------+-----+--------+

Top non-repeatable levels by time:
     D:1: 781 daAuts
     D:2: 424 daAuts
